APP
SEATTLE (APP) MARINERS @ GREAT FALLS VOYAGERS
11/04/2045
 
TOP OF THE 1ST
University of Southern California Trojans batting - Pitching for Washington State University Cougars : LHP Keith Noftall
Pitching: LHP Keith Noftall
Batting: RHB Jordan Martin 0-0: Swinging Strike
0-1: Ball
1-1: Swinging Strike
1-2: Ball
2-2: Strikes out looking
Pitching: RHP Nick Hadden
Batting: RHB Mario Mendoza 0-0: Called Strike
0-1: Foul Ball, location: 2F
0-2: Foul Ball, location: 2F
0-2: Strikes out swinging
Batting: RHB Bill Cabrera 0-0: Ball
1-0: Called Strike
1-1: Called Strike
1-2: Ball
2-2: Fly out, F6 (Popup, 4S, EV 80.0 MPH)
Top of the 1st over - 0 runs, 0 hits, 0 errors, 0 left on base; University of Southern California 0 - Washington State University 0
BOTTOM OF THE 1ST
Washington State University Cougars batting - Pitching for University of Southern California Trojans : RHP Omar Morales
Pitching: RHP Omar Morales
Batting: RHB Jesse Scott 0-0: SINGLE (Line Drive, 89M, EV 110.0 MPH)
Batting: RHB Tomio Ogawa 0-0: Called Strike
0-1: Ball
1-1: Foul Ball, location: 2F
1-2: Strikes out swinging
Batting: RHB Franklin Villanueva 0-0: SINGLE (Groundball, 56D, EV 99.4 MPH)
Jesse Scott to second
Batting: LHB Ryan Coleman 0-0: Ball
Jesse Scott is caught stealing 3rd base 2-5
1-0: Swinging Strike
1-1: Foul Ball, location: 2F
1-2: Ball
2-2: Ball
3-2: Strikes out swinging
Bottom of the 1st over - 0 runs, 2 hits, 0 errors, 1 left on base; University of Southern California 0 - Washington State University 0
TOP OF THE 2ND
University of Southern California Trojans batting - Pitching for Washington State University Cougars : RHP Nick Hadden
Batting: RHB Hector Fernandez 0-0: Ball
1-0: Fly out, F7 (Flyball, 78D, EV 91.9 MPH)
Batting: LHB Jose Chavez 0-0: Ball
1-0: Called Strike
1-1: Ball
2-1: Foul Ball, location: 2F
2-2: Foul Ball, location: 2F
2-2: Foul Ball, location: 2F
2-2: Fly out, F7 (Flyball, 78M, EV 93.8 MPH)
Batting: SHB Todd Scott 0-0: Ball
1-0: Ball
2-0: Reached on error, E3 (Groundball, 3, EV 89.4 MPH)
Batting: SHB Ethan Villalobos 0-0: Ball
1-0: Fly out, F7 (Line Drive, 7, EV 91.3 MPH)
Top of the 2nd over - 0 runs, 0 hits, 1 error, 1 left on base; University of Southern California 0 - Washington State University 0
BOTTOM OF THE 2ND
Washington State University Cougars batting - Pitching for University of Southern California Trojans : RHP Omar Morales
Batting: LHB Gabe Velez 0-0: Swinging Strike
0-1: SOLO HOME RUN (Flyball, 9D, EV 102.5 MPH), Distance : 389 ft
Batting: SHB Detlef Oursler 0-0: Ball
1-0: Called Strike
1-1: Swinging Strike
1-2: Foul Ball, location: 2F
1-2: Foul Ball, location: 2F
1-2: Ball
2-2: Ball
3-2: Base on Balls
Batting: RHB David Stayton 0-0: Ball
1-0: Called Strike
1-1: Ball
2-1: Grounds into double play, 4-6-3 (Groundball, 4, EV 84.4 MPH)
Batting: RHB Danny Ayala 0-0: Ball
1-0: Fly out, F9 (Flyball, 9D, EV 99.4 MPH)
Bottom of the 2nd over - 1 run, 1 hit, 0 errors, 0 left on base; University of Southern California 0 - Washington State University 1
TOP OF THE 3RD
University of Southern California Trojans batting - Pitching for Washington State University Cougars : RHP Nick Hadden
Batting: RHB Jim Towle 0-0: Ground out U3 (Groundball, 3L, EV 78.8 MPH)
Batting: SHB Omar Morales 0-0: Fly out, F8 (Flyball, 78M, EV 77.5 MPH)
Batting: RHB Jordan Martin 0-0: Ball
1-0: Called Strike
1-1: Called Strike
1-2: Ground out 6-3 (Groundball, 6, EV 88.8 MPH)
Top of the 3rd over - 0 runs, 0 hits, 0 errors, 0 left on base; University of Southern California 0 - Washington State University 1
BOTTOM OF THE 3RD
Washington State University Cougars batting - Pitching for University of Southern California Trojans : RHP Omar Morales
Batting: RHB Nick Hadden 0-0: Ball
1-0: Called Strike
1-1: Foul Ball, location: 2F
1-2: Strikes out swinging
Batting: RHB Jesse Scott 0-0: Ground out 6-3 (Groundball, 56, EV 108.1 MPH)
Batting: RHB Tomio Ogawa 0-0: Ball
1-0: Ball
2-0: Ball
3-0: Base on Balls
Batting: RHB Franklin Villanueva 0-0: Ball
Tomio Ogawa steals 2nd base
1-0: Ball
Wild Pitch!
Tomio Ogawa to third
2-0: Foul Ball, location: 2F
2-1: Foul Ball, location: 2F
2-2: Fly out, F8 (Flyball, 78D, EV 90.6 MPH)
Bottom of the 3rd over - 0 runs, 0 hits, 0 errors, 1 left on base; University of Southern California 0 - Washington State University 1
TOP OF THE 4TH
University of Southern California Trojans batting - Pitching for Washington State University Cougars : RHP Nick Hadden
Batting: RHB Mario Mendoza 0-0: Ball
1-0: Ground out 6-3 (Groundball, 56, EV 101.9 MPH)
Batting: RHB Bill Cabrera 0-0: Called Strike
0-1: SINGLE (Line Drive, 7LM, EV 103.8 MPH)
Batting: RHB Hector Fernandez 0-0: Called Strike
0-1: Foul Ball, location: 2F
0-2: Strikes out swinging
Batting: LHB Jose Chavez 0-0: Called Strike
0-1: Ball
1-1: Foul Ball, location: 2F
1-2: Strikes out swinging
Top of the 4th over - 0 runs, 1 hit, 0 errors, 1 left on base; University of Southern California 0 - Washington State University 1
BOTTOM OF THE 4TH
Washington State University Cougars batting - Pitching for University of Southern California Trojans : RHP Omar Morales
Batting: LHB Ryan Coleman 0-0: Ball
1-0: SINGLE (Line Drive, 78S, EV 101.3 MPH)
Batting: LHB Gabe Velez 0-0: Called Strike
0-1: Ball
1-1: Ball
2-1: Foul Ball, location: 2F
2-2: Strikes out swinging
Batting: SHB Detlef Oursler 0-0: Ball
1-0: Ball
2-0: Called Strike
2-1: Ball
3-1: Foul Ball, location: 2F
3-2: Fly out, F8 (Flyball, 89M, EV 93.8 MPH)
Batting: RHB David Stayton 0-0: Ground out 5-3 (Groundball, 56S, EV 86.9 MPH)
Bottom of the 4th over - 0 runs, 1 hit, 0 errors, 1 left on base; University of Southern California 0 - Washington State University 1
TOP OF THE 5TH
University of Southern California Trojans batting - Pitching for Washington State University Cougars : RHP Nick Hadden
Batting: SHB Todd Scott 0-0: Called Strike
0-1: SINGLE (Groundball, 4MS, EV 83.8 MPH) (infield hit)
Batting: SHB Ethan Villalobos 0-0: Foul Ball, location: 2F
0-1: Foul Ball, location: 2F
0-2: Ball
1-2: Strikes out swinging
Batting: RHB Jim Towle 0-0: Ball
1-0: Called Strike
1-1: Ball
Passed Ball!
Todd Scott to second
2-1: Foul Ball, location: 2F
2-2: Foul Ball, location: 2F
2-2: Ball
3-2: Foul Ball, location: 2F
3-2: 2-RUN HOME RUN (Flyball, 7LD, EV 98.8 MPH), Distance : 362 ft
Batting: SHB Omar Morales 0-0: Ball
1-0: Fly out, F8 (Flyball, 8RM, EV 87.5 MPH)
Batting: RHB Jordan Martin 0-0: Ball
1-0: Foul Ball, location: 2F
1-1: Ball
2-1: Ball
3-1: Base on Balls
Batting: RHB Mario Mendoza 0-0: Ball
1-0: Ball
2-0: Ball
3-0: Swinging Strike
3-1: Called Strike
3-2: SINGLE (Flyball, 34D, EV 88.8 MPH)
Jordan Martin to second
Jordan Martin to third
Pitching: RHP Aaron Henn
Batting: RHB Bill Cabrera 0-0: Called Strike
0-1: Swinging Strike
0-2: Ball
1-2: Fielders Choice at 2nd, 5-4 (Groundball, 56, EV 103.8 MPH)
Top of the 5th over - 2 runs, 3 hits, 0 errors, 2 left on base; University of Southern California 2 - Washington State University 1
BOTTOM OF THE 5TH
Washington State University Cougars batting - Pitching for University of Southern California Trojans : RHP Omar Morales
Batting: RHB Danny Ayala 0-0: Called Strike
0-1: Swinging Strike
0-2: Fly out, F9 (Flyball, 9, EV 85.6 MPH)
Batting: SHB Aaron Henn 0-0: Called Strike
0-1: Ball
1-1: Ball
2-1: Ball
3-1: Base on Balls
Batting: RHB Jesse Scott 0-0: Ball
1-0: Called Strike
1-1: Fly out, F8 (Flyball, 78D, EV 93.1 MPH)
Batting: RHB Tomio Ogawa 0-0: Ball
1-0: Ball
2-0: Ball
3-0: Called Strike
3-1: Ground out 5-3 (Groundball, 56S, EV 85.6 MPH)
Bottom of the 5th over - 0 runs, 0 hits, 0 errors, 1 left on base; University of Southern California 2 - Washington State University 1
TOP OF THE 6TH
University of Southern California Trojans batting - Pitching for Washington State University Cougars : RHP Aaron Henn
Batting: RHB Hector Fernandez 0-0: Ball
1-0: Ball
2-0: Ground out 6-3 (Groundball, 6, EV 80.6 MPH)
Batting: LHB Jose Chavez 0-0: Ball
1-0: Foul Ball, location: 2F
1-1: Ball
2-1: Ball
3-1: Base on Balls
Batting: SHB Todd Scott 0-0: Foul Ball, location: 2F
0-1: Called Strike
0-2: Ball
Jose Chavez steals 2nd base
1-2: Ball
2-2: Ball
3-2: Base on Balls
Batting: SHB Ethan Villalobos 0-0: Called Strike
0-1: DOUBLE (Groundball, 3L, EV 102.5 MPH)
Jose Chavez scores
Todd Scott to third
Runner from 3rd tries for Home, SAFE, throw by RF to home
Batting: RHB Jim Towle 0-0: Ball
1-0: Foul Ball, location: 2F
1-1: Ball
2-1: Ball
3-1: Called Strike
3-2: Ground out 5-3 (Groundball, 5L, EV 85.0 MPH)
Pinch Hitting: RHB Steve Barnard 0-0: Ball
1-0: Ball
2-0: 2-RUN HOME RUN (Flyball, 89XD, EV 106.3 MPH), Distance : 452 ft
Pitching: LHP Joe Steffen
Batting: RHB Jordan Martin 0-0: Ball
1-0: Foul Ball, location: 2F
1-1: Ball
2-1: Called Strike
2-2: Ball
3-2: Foul Ball, location: 2F
3-2: Base on Balls
Batting: RHB Mario Mendoza 0-0: Called Strike
0-1: Fielders Choice at 2nd, 5-4 (Groundball, 56, EV 81.9 MPH)
Top of the 6th over - 4 runs, 2 hits, 0 errors, 1 left on base; University of Southern California 6 - Washington State University 1
BOTTOM OF THE 6TH
Washington State University Cougars batting - Pitching for University of Southern California Trojans : RHP Omar Morales
Pitching: RHP Moises Gonzalez
Batting: RHB Franklin Villanueva 0-0: Ground out 6-3 (Groundball, 6S, EV 86.3 MPH)
Batting: LHB Ryan Coleman 0-0: SINGLE (Groundball, 56D, EV 86.9 MPH) (infield hit)
Batting: LHB Gabe Velez 0-0: Grounds into double play, 6-4-3 (Groundball, 56, EV 80.6 MPH)
Bottom of the 6th over - 0 runs, 1 hit, 0 errors, 0 left on base; University of Southern California 6 - Washington State University 1
TOP OF THE 7TH
University of Southern California Trojans batting - Pitching for Washington State University Cougars : LHP Joe Steffen
Batting: RHB Bill Cabrera 0-0: Fly out, F9 (Flyball, 89S, EV 85.0 MPH)
Batting: RHB Hector Fernandez 0-0: Fly out, F1 (Line Drive, P, EV 65.0 MPH)
Batting: LHB Jose Chavez 0-0: Ball
1-0: Ball
2-0: Called Strike
2-1: Ball
3-1: Foul Ball, location: 2F
3-2: Fly out, F4 (Popup, 4S, EV 62.5 MPH)
Top of the 7th over - 0 runs, 0 hits, 0 errors, 0 left on base; University of Southern California 6 - Washington State University 1
BOTTOM OF THE 7TH
Washington State University Cougars batting - Pitching for University of Southern California Trojans : RHP Moises Gonzalez
Batting: SHB Detlef Oursler 0-0: Ball
1-0: Called Strike
1-1: Swinging Strike
1-2: Ball
2-2: Ball
3-2: Base on Balls
Batting: RHB David Stayton 0-0: SINGLE (Line Drive, 6D, EV 110.6 MPH)
Detlef Oursler to second
Batting: RHB Danny Ayala 0-0: Foul Ball, location: 2F
0-1: Foul Ball, location: 2F
0-2: Fly out, F9 (Line Drive, 9, EV 89.4 MPH)
Pinch Hitting: RHB Sean Fulton 0-0: Swinging Strike
0-1: Ball
Detlef Oursler steals 3rd base
1-1: Ball
2-1: Fly out, F8 (Flyball, 78S, EV 87.5 MPH)
Runner from 3rd tags up, SCORES, throw by CF
Batting: RHB Jesse Scott 0-0: Ball
1-0: Foul Ball, location: 2F
1-1: Fly out, F8 (Line Drive, 8RM, EV 100.6 MPH)
Bottom of the 7th over - 1 run, 1 hit, 0 errors, 1 left on base; University of Southern California 6 - Washington State University 2
TOP OF THE 8TH
University of Southern California Trojans batting - Pitching for Washington State University Cougars : LHP Joe Steffen
Pitching: RHP Jimmy Williams
Batting: SHB Todd Scott 0-0: Called Strike
0-1: Ball
1-1: Fly out, F7 (Flyball, 78M, EV 86.3 MPH)
Batting: SHB Ethan Villalobos 0-0: Fly out, F9 (Line Drive, 9D, EV 98.8 MPH)
Batting: RHB Jim Towle 0-0: Ball
1-0: Foul Ball, location: 2F
1-1: Ball
2-1: SINGLE (Line Drive, 4D, EV 98.8 MPH)
Pinch Hitting: RHB Adonis Jenifer 0-0: Fly out, F8 (Flyball, 8LS, EV 91.3 MPH)
Top of the 8th over - 0 runs, 1 hit, 0 errors, 1 left on base; University of Southern California 6 - Washington State University 2
BOTTOM OF THE 8TH
Washington State University Cougars batting - Pitching for University of Southern California Trojans : RHP Moises Gonzalez
Pitching: LHP Eddie McGrath
Batting: RHB Tomio Ogawa 0-0: Ball
1-0: Fly out, F8 (Flyball, 78D, EV 101.9 MPH)
Batting: RHB Franklin Villanueva 0-0: Ball
1-0: Called Strike
1-1: Ball
2-1: Swinging Strike
2-2: Strikes out looking
Batting: LHB Ryan Coleman 0-0: Ground out 4-3 (Groundball, 4, EV 85.0 MPH)
Bottom of the 8th over - 0 runs, 0 hits, 0 errors, 0 left on base; University of Southern California 6 - Washington State University 2
TOP OF THE 9TH
University of Southern California Trojans batting - Pitching for Washington State University Cougars : RHP Jimmy Williams
Batting: RHB Jordan Martin 0-0: Called Strike
0-1: Foul Ball, location: 2F
0-2: Ball
1-2: Fly out, F4 (Popup, 4S, EV 60.6 MPH)
Batting: RHB Mario Mendoza 0-0: Called Strike
0-1: Fly out, F4 (Line Drive, 4, EV 71.9 MPH)
Batting: RHB Bill Cabrera 0-0: Ball
1-0: Ball
2-0: Ball
3-0: Called Strike
3-1: Base on Balls
Batting: RHB Hector Fernandez 0-0: Ball
1-0: Ball
2-0: Ground out U3 (Groundball, 34S, EV 67.5 MPH)
Top of the 9th over - 0 runs, 0 hits, 0 errors, 1 left on base; University of Southern California 6 - Washington State University 2
BOTTOM OF THE 9TH
Washington State University Cougars batting - Pitching for University of Southern California Trojans : LHP Eddie McGrath
Batting: LHB Gabe Velez 0-0: Ball
1-0: Called Strike
1-1: Ball
2-1: Foul Ball, location: 2F
2-2: Ball
3-2: SINGLE (Flyball, 4MD, EV 93.1 MPH)
Batting: SHB Detlef Oursler 0-0: Called Strike
0-1: Foul Ball, location: 2F
0-2: Fly out, F7 (Flyball, 7, EV 74.4 MPH)
Batting: RHB David Stayton 0-0: Called Strike
0-1: Foul Ball, location: 2F
0-2: Strikes out swinging
Batting: RHB Danny Ayala 0-0: Ball
1-0: Ball
2-0: Swinging Strike
2-1: Called Strike
2-2: Ball
3-2: Fly out, F8 (Flyball, 8LD, EV 93.8 MPH)
Bottom of the 9th over - 0 runs, 1 hit, 0 errors, 1 left on base; University of Southern California 6 - Washington State University 2
Wednesday, June 22nd , 2022 - OOTP Baseball 23.4 Build 64